 Dungeon Crawl Stone Soup version 0.28-b1-25-g9875b3fc8c (webtiles) character file.

Game seed: 1680267301329450788

2 Descartes the Grasshopper (level 1, -1/13 HPs)
             Began as a Deep Elf Wanderer on Feb 1, 2022.
             Slain by a hobgoblin (3 damage)
             ... on level 1 of the Dungeon.
             The game lasted 00:01:01 (228 turns).

Descartes the Grasshopper (Deep Elf Wanderer)        Turns: 228, Time: 00:01:01

Health: -1/13      AC:  2    Str:  9    XL:     1   Next: 33%
Magic:  5/5        EV: 11    Int: 18    God:
Gold:   0          SH:  0    Dex: 12    Spells: 2/3 levels left

rFire   . . .      SeeInvis .   a - +0 dagger
rCold   . . .      Faith    .   (no shield)
rNeg    . . .      Spirit   .   b - +0 robe
rPois   .          Reflect  .   (no helmet)
rElec   .          Harm     .   (no cloak)
rCorr   .          Rampage  .   (no gloves)
Will    .....                   (no boots)
Stlth   +.........              (no amulet)
HPRegen 0.04/turn               (no ring)
MPRegen 0.09/turn               (no ring)

@: no status effects
A: no striking features
a: no special abilities


You were on level 1 of the Dungeon.
You visited 1 branch of the dungeon, and saw 1 of its levels.

Inventory:

Hand Weapons
 a - a +0 dagger (weapon)
Missiles
 d - 17 stones
Armour
 b - a +0 robe (worn)
Scrolls
 e - a scroll of identify {unknown}
Potions
 c - a potion of attraction


   Skills:
 - Level 2.4 Fighting
 - Level 1.0 Armour
 + Level 0.2 Dodging
 + Level 1.6 Spellcasting
 + Level 0.1 Conjurations
 + Level 3.3 Translocations
 + Level 2.0 Air Magic


You had 2 spell levels left.
You knew the following spells:

 Your Spells              Type           Power      Damage    Failure   Level
a - Apportation           Tloc           26%        N/A       4%          1

Your spell library contained the following spells:

 Spells                   Type           Power      Damage    Failure   Level
 Corpse Rot               Necr/Air       10%        N/A       19%         2
 Static Discharge         Conj/Air       5%         N/A       19%         2
 Portal Projectile        Hex/Tloc       14%        N/A       28%         3
 Passage of Golubria      Tloc           13%        N/A       43%         4


Dungeon Overview and Level Annotations

Branches:
Dungeon (1/15)

Altars:


Message History

A kobold and a frilled lizard come into view.
A hobgoblin comes into view.
The kobold shouts!
You see here a scroll labelled TIRANG ARYSO.
The frilled lizard hisses angrily.
You barely miss the kobold. You hit the kobold.
The kobold is severely wounded.
The kobold misses you.
You hit the kobold but do no damage.
The kobold is severely wounded.
The kobold completely misses you. The frilled lizard bites you.
You hit the kobold but do no damage.
The kobold is severely wounded.
The kobold hits you with a +0 short sword.
The frilled lizard misses you.
You hit the kobold but do no damage.
The kobold is severely wounded.
The kobold hits you with a +0 short sword.
The hobgoblin barely misses you. The frilled lizard closely misses you.
You are too injured to fight recklessly!
You are too injured to fight recklessly!
You are too injured to fight recklessly!
You are too injured to fight recklessly!
You are too injured to fight recklessly!
You are too injured to fight recklessly!
You are too injured to fight recklessly!
You are too injured to fight recklessly!
You are too injured to fight recklessly!
You are too injured to fight recklessly!
You are too injured to fight recklessly!
You are too injured to fight recklessly!
You are too injured to fight recklessly!
You are too injured to fight recklessly!
The hobgoblin closely misses you.
The kobold hits you with a +0 short sword.
* * * LOW HITPOINT WARNING * * *
You see here a scroll labelled TIRANG ARYSO.
The hobgoblin hits you.
You die...

#. #.# #.# ### .##.#####.# #..
..........#### #.#
#.#.######...## #.# #.#.#
#..... #.# #.#.######...##
##.#####.# #...........###
#........########(##.##.......#
.........?K.lg@...##.########..
.....###(###########.# #.# .#.
...# #.# #.# ###.# #.# #.# #.#
#.# ##.# #.# #.# #####... #.#
#.###....... #.# #.....###...
####### ##.#


You could see a hobgoblin, a kobold and a frilled lizard.

Vanquished Creatures
  A giant cockroach (D:1)
  A frilled lizard (D:1)
  A rat (D:1)
3 creatures vanquished.

Notes
Turn   | Place    | Note
-------+----------+-------------------------------------------
     0 | D:1      | Descartes the Deep Elf Wanderer began the quest for the
                  | Orb.
     0 | D:1      | Descartes set off with the following items: a +0 dagger, a
                  | +0 robe, a potion of attraction; and the following spell
                  | memorised: Apportation; and the following spells available
                  | to memorise: Corpse Rot, Static Discharge, Portal
                  | Projectile, Passage of Golubria
     0 | D:1      | Reached XP level 1. HP: 13/13 MP: 5/5
   228 | D:1      | Slain by a hobgoblin

Illustrated notes

Levels and vault maps discovered:
D:1:      minmay_arrival_checkered_box, layout_loops_ring

Action                   || total
-------------------------++-------
Melee: Dagger            ||    19
Armor: Robe              ||     3
Dodge: Dodged            ||    13
